 Dungeon Crawl Stone Soup version 0.28-a0-1412-gf95308ed99 (webtiles) character file.

Game seed: 4489863116481272482

4736 kae the Transmogrifier (level 10, -4/85 HPs)
             Began as a Grey Draconian Transmuter on Jan 6, 2022.
             Was a Priest of Ru.
             Collided with a rock wall (9 damage)
             ... caused by Erica
             ... on level 8 of the Dungeon.
             The game lasted 00:09:42 (10354 turns).

kae the Transmogrifier (Grey Draconian Transmuter) Turns: 10354, Time: 00:09:43

Health: -4/85      AC:  8    Str: 22    XL:     10   Next: 22%
Magic:  20/22      EV: 10    Int: 17    God:    Ru [***...]
Gold:   433        SH:  0    Dex: 11    Spells: 12/25 levels left

rFire   x . .      SeeInvis .     - Unarmed
rCold   + + +      Faith    .   (shield currently unavailable)
rNeg    . . .      Spirit   .   (armour unavailable)
rPois   +          Reflect  .   (helmet currently unavailable)
rElec   +          Harm     .   (cloak currently unavailable)
rCorr   .          Rampage  .   (gloves currently unavailable)
Will    .....                   (boots currently unavailable)
Stlth   +.........              (no amulet)
HPRegen 0.24/turn               c - +6 ring of strength
MPRegen 0.18/turn               y - ring of Losaclez {rElec rPois Str+2}

@: ice-form, unable to drink, slowed, very slow
A: freezing attack, boosted hp, AC +12, amphibious, large, unfitting armour,
(cold-blooded), inability to drink while threatened, hated by all
a: End Transformation, Renounce Religion, Draw Out Power


You were on level 8 of the Dungeon.
You worshipped Ru.
Ru was most pleased with you.
You were a creature of crystalline ice.
You visited 1 branch of the dungeon, and saw 8 of its levels.

You collected 433 gold pieces.

Inventory:

Armour
 o - a +0 pair of gloves (melded)
 t - a +1 cloak (melded)
Jewellery
 c - a +6 ring of strength (left front paw)
 s - a +6 ring of dexterity
 y - the ring of Losaclez (right front paw) {rElec rPois Str+2}
   (You found it on level 8 of the Dungeon)

   [ring of poison resistance]

   Str:       It affects your strength (+2).
   rElec:     It insulates you from electricity.
   rPois:     It protects you from poison.
Wands
 a - a wand of mindburst (4)
 n - a wand of flame (22)
 u - a wand of acid (14)
Scrolls
 f - 2 scrolls of amnesia
 k - a scroll of enchant weapon
 r - a scroll of immolation {unknown}
 v - a scroll of teleportation
 w - a scroll of brand weapon {unknown}
Potions
 b - 2 potions of cancellation
 d - 4 potions of lignification
 e - a potion of mutation
 g - 5 potions of curing {unknown}
 h - a potion of invisibility
 i - a potion of berserk rage
 j - a potion of ambrosia
 l - 4 potions of brilliance
 m - a potion of heal wounds {unknown}
 p - a potion of degeneration {unknown}
 q - 3 potions of might
 x - a potion of flight {unknown}


   Skills:
 - Level 1.1 Fighting
 - Level 1.7 Dodging
 - Level 3.0 Unarmed Combat
 + Level 8.1 Spellcasting
 * Level 11.7 Transmutations
 - Level 4.0 Ice Magic
 - Level 1.0 Poison Magic


You had 12 spell levels left.
You knew the following spells:

 Your Spells              Type           Power      Damage    Failure   Level
a - Beastly Appendage     Tmut           92%        N/A       1%          1
b - Spider Form           Tmut/Pois      28%        N/A       2%          3
c - Ice Form              Ice/Tmut       33%        N/A       4%          4
d - Blade Hands           Tmut           23%        N/A       2%          5

Your spell library contained the following spells:

 Spells                   Type           Power      Damage    Failure   Level
 Passwall                 Tmut/Erth      21%        N/A       1%          2
 Wereblood                Tmut           46%        N/A       1%          2
 Foxfire                  Conj/Fire      24%        2x1d5     11%         1
 Conjure Flame            Conj/Fire      6%         6-21      30%         3
 Inner Flame              Hex/Fire       6%         N/A       30%         3
 Portal Projectile        Hex/Tloc       12%        N/A       30%         3
 Swiftness                Air            6%         N/A       30%         3
 Flame Wave               Conj/Fire      6%         2d4       71%         4
 Excruciating Wounds      Necr           3%         N/A       96%         5


Dungeon Overview and Level Annotations

Branches:
Dungeon (8/15)             Temple (0/1) D:4
   Lair: D:8-11

Altars:
Okawaru
Ru
Uskayaw
Yredelemnul

Shops:
D:1 [

Annotations:
D:5 1 runed translucent door, Noname's ghost, weakling MiDe
D:8 Erica


Innate Abilities, Weirdness & Mutations

You are a creature of crystalline ice.
You have a powerful freezing melee attack.
Your maximum health is increased.
Your armour is entirely melded.
You are incapable of wielding weapons or throwing items.
((Your dull iron-grey scales are very hard. (AC +12)))
You are amphibious.
You cannot fit into any form of body armour.
((You are cold-blooded and may be slowed by cold attacks.))
You sometimes lose the ability to drink potions when taking damage.
You are hated by all.


Message History

Something tries to affect you, but you resist.
You see here a murky red potion.
You closely miss something. You punch something! You freeze something.
Something hits you! Something melts you!
You focus your inner power and illuminate something in retribution!
You hit Erica. You freeze Erica.
Erica is moderately wounded.
Erica casts a spell at you.
You feel yourself slow down.
You punch Erica! You freeze Erica.
Erica is heavily wounded.
Erica barely misses you.
You punch Erica! You freeze Erica.
Erica is almost dead.
Erica hits you but does no damage.
You barely miss Erica.
Erica is severely wounded.
Erica barely misses you. Erica casts a spell at you.
The bolt of poison hits you! You resist.
You hit Erica but do no damage.
Erica is severely wounded.
Erica closely misses you.
You hit Erica. You freeze Erica.
Erica is almost dead.
Erica points at you and mumbles some strange words.
The lance of force hits you!!
You feel threatened and lose the ability to drink potions!
You are knocked back by the lance of force.
You slam into the rock wall!
* * * LOW HITPOINT WARNING * * *
You hit Erica. You freeze Erica.
Erica is almost dead.
Erica points at you and mumbles some strange words.
The lance of force hits you!!
* * * LOW HITPOINT WARNING * * *
You are knocked back by the lance of force.
You slam into the rock wall!
You die...

#######)..
.......)).
..........
########## ## ....
......###+#
......'.@Y##.....#
......#+####.....#
...........#.....#
...........#.....#
...........#.....#
######.....#.....#
#.....#.....#
#.....#.....#
#...........#


You could see Erica (invisible, corona).

Vanquished Creatures
  A two-headed ogre (D:5)
  Maggie (D:7)
  Maurice (D:7)
  Psyche (D:8)
  Grinder (D:5)
  Prince Ribbit (D:8)
  Sigmund (D:3)
  Eustachio (D:5)
  Duvessa (D:5)
  2 orc warriors
  A black bear (D:7)
  2 necrophages (D:5)
  2 ice beasts
  A sky beast (D:7)
  An ogre (D:7)
  A centaur (D:6)
  2 kobold brigands
  2 bullfrogs
  A wyvern zombie (D:8)
  2 scorpions
  A wyvern skeleton (D:5)
  A water moccasin skeleton (D:6)
  Dowan (D:5)
  5 killer bees (D:7)
  4 centaur zombies
  2 hounds
  Ijyb (D:5)
  3 iguanas
  A scorpion zombie (D:5)
  4 orc wizards (D:7)
  A killer bee zombie (D:7)
  A hound skeleton (D:2)
  Robin (D:2)
  4 gnolls (D:6)
  2 adders
  2 shadow imps
  A white imp (D:7)
  2 ufetubi
  An adder skeleton (D:4)
  3 worms
  2 dart slugs
  7 orcs
  5 endoplasms
  4 giant cockroaches
  13 goblins
  13 hobgoblins
  17 kobolds
  3 quokkas
  10 ball pythons
  6 bats
  4 frilled lizards
  4 rats
155 creatures vanquished.

Notes
Turn   | Place    | Note
-------+----------+-------------------------------------------
     0 | D:1      | kae the Draconian Transmuter began the quest for the Orb.
     0 | D:1      | Reached XP level 1. HP: 16/16 MP: 3/3
    52 | D:1      | Found Ygysif's Armour Shoppe.
   314 | D:1      | Reached XP level 2. HP: 19/23 MP: 3/5
   621 | D:1      | Reached skill level 3 in Transmutations
  1068 | D:1      | Reached XP level 3. HP: 28/28 MP: 4/6
  1256 | D:2      | Learned a level 3 spell: Spider Form
  1436 | D:2      | Noticed Robin
  1473 | D:2      | Killed Robin
  1474 | D:2      | Reached skill level 1 in Poison Magic
  1474 | D:2      | Reached XP level 4. HP: 22/35 MP: 4/8
  2311 | D:3      | Found a sacrificial altar of Ru.
  2331 | D:3      | Noticed Sigmund
  2344 | D:3      | Killed Sigmund
  2345 | D:3      | Reached skill level 5 in Transmutations
  2345 | D:3      | Reached XP level 5. HP: 25/40 MP: 6/10
  2356 | D:3      | Became a worshipper of Ru the Awakened
  2583 | D:3      | Found a faded altar of an unknown god.
  3250 | D:4      | Reached XP level 6. HP: 36/47 MP: 8/11
  3780 | D:4      | Found a basalt altar of Yredelemnul.
  3922 | D:4      | Found a staircase to the Ecumenical Temple.
  4007 | D:4      | Gained mutation: You sometimes lose the ability to drink
                  | potions when taking damage. [Ru sacrifice]
  4007 | D:4      | Reached * piety under Ru
  4224 | D:4      | Reached skill level 6 in Transmutations
  4430 | D:5      | Entered Level 5 of the Dungeon
  4456 | D:5      | Noticed Noname's ghost (weakling MiDe)
  4466 | D:5      | Found a runed translucent door.
  4476 | D:5      | Noticed Grinder
  4487 | D:5      | Killed Grinder
  4488 | D:5      | Your scales start taking on a dull iron-grey colour.
  4488 | D:5      | Reached XP level 7. HP: 31/52 MP: 13/13
  4716 | D:5      | Reached skill level 7 in Transmutations
  4722 | D:5      | Learned a level 4 spell: Ice Form
  4728 | D:5      | Learned a level 5 spell: Blade Hands
  4986 | D:5      | Noticed a two-headed ogre
  5057 | D:5      | Noticed Ijyb
  5132 | D:5      | Killed Ijyb
  5309 | D:5      | Noticed Dowan
  5311 | D:5      | Noticed Duvessa
  5323 | D:5      | Killed Duvessa
  5324 | D:5      | Reached skill level 1 in Ice Magic
  5327 | D:5      | Killed Dowan
  5438 | D:5      | Found a hide-covered altar of Uskayaw.
  5448 | D:5      | Reached skill level 5 in Spellcasting
  5448 | D:5      | Reached XP level 8. HP: 44/59 MP: 11/15
  5594 | D:5      | Noticed Eustachio
  5602 | D:5      | Killed Eustachio
  5651 | D:5      | Found an iron altar of Okawaru.
  5883 | D:5      | Killed a two-headed ogre
  5884 | D:5      | Reached skill level 8 in Transmutations
  6865 | D:6      | Reached XP level 9. HP: 63/64 MP: 11/18
  6874 | D:6      | Reached skill level 9 in Transmutations
  8384 | D:7      | Reached skill level 10 in Transmutations
  8437 | D:7      | Noticed Maggie
  8454 | D:7      | Killed Maggie
  9011 | D:7      | Reached skill level 11 in Transmutations
  9604 | D:8      | Noticed Maurice
  9614 | D:7      | Killed Maurice
  9615 | D:7      | Reached XP level 10. HP: 45/71 MP: 17/21
  9776 | D:7      | Gained mutation: You are hated by all. [Ru sacrifice]
  9776 | D:7      | Reached ** piety under Ru
  9776 | D:7      | Reached *** piety under Ru
  9932 | D:8      | Noticed Prince Ribbit
  9940 | D:8      | Killed Prince Ribbit
 10149 | D:8      | Noticed Psyche
 10160 | D:8      | Killed Psyche
 10329 | D:8      | Identified the ring of Losaclez {rElec rPois Str+2}
 10334 | D:8      | Noticed Erica
 10354 | D:8      | Collided with a rock wall

Illustrated notes

Levels and vault maps discovered:
D:1:      giann_bridges, layout_loops_ring, serial_shops,
          nicolae_shop_statue_plus
D:2:      layout_rooms, uniq_robin
D:3:      layout_basic, lemuel_round_altar,
          hellmonk_ecumenical_altar_pennies_from_heaven, uniq_sigmund
D:4:      layout_gridville, mainiacjoe_overflow_tiny_flanked,
          minmay_temple_entry_glassed_door
D:5:      minmay_chambers_of_fours, layout_loops_ring, okawaru_gym_becter,
          nicolae_uskayaw_murder_on_the_dancefloor,
          hellmonk_ghost_happy_afterlife, uniq_eustachio, uniq_grinder,
          uniq_duvessa, uniq_ijyb
D:6:      layout_loops_ring
D:7:      layout_rooms, uniq_maggie
D:8:      layout_basic, uniq_maurice, uniq_prince_ribbit1, uniq_erica,
          uniq_psyche

Skill      XL: |  1  2  3  4  5  6  7  8  9 10 |
---------------+-------------------------------+-----
Transmutations | 3 5 6 7 8 11 | 11.7
Poison Magic   | 1 |  1.0
Spellcasting   | 3 4 5 6 7 8 |  8.1
Ice Magic      | 2 4 |  4.0
Fighting       | |  1.1
Dodging        | |  1.7
Unarmed Combat | |  3.0

Action                   |  1- 3 |  4- 6 |  7- 9 | 10-12 || total
-------------------------+-------+-------+-------+-------++-------
Melee: Unarmed           |   108 |   126 |   264 |    54 ||   552
       Kick              |    25 |     3 |     8 |       ||    36
       Tailslap          |    10 |     5 |     2 |       ||    17
       Headbutt          |    11 |     2 |     4 |       ||    17
       Punch             |     2 |     1 |       |       ||     3
 Cast: Beastly Appendage |    22 |    11 |     3 |     1 ||    37
       Spider Form       |     1 |    22 |     3 |       ||    26
       Ice Form          |       |       |    21 |     5 ||    26
Invok: Sacrifice Drink   |       |     1 |       |       ||     1
       Sacrifice Love    |       |       |       |     1 ||     1
Evoke: Wand              |       |       |     3 |       ||     3
  Use: Scroll            |     3 |     4 |     6 |       ||    13
       Potion            |       |     2 |     1 |       ||     3
 Stab: Distracted        |     1 |       |       |       ||     1
       Sleeping          |       |     1 |       |       ||     1
Armor: Skin              |    37 |    11 |   105 |    21 ||   174
Dodge: Dodged            |    79 |    81 |   169 |    17 ||   346

Table legend: (Time is in decaauts)
 A = Elapsed time spent in this place.
 B = Non-inter-level travel time spent in this place.
 C = Inter-level travel time spent in this place.
 D = Time resting spent in this place.
 E = Time spent auto-exploring this place.
 F = Levels seen in this place.
 G = Mean time per level.
                   A        B        C        D        E       F      G
               +--------+--------+--------+--------+--------+-----+--------+
         Total |  10340 |  10089 |    251 |    805 |   7904 |   8 | 1292.5 |
       Dungeon |  10340 |  10089 |    251 |    805 |   7904 |   8 | 1292.5 |
               +--------+--------+--------+--------+--------+-----+--------+

Top non-repeatable levels by time:
     D:5: 2317 daAuts
     D:7: 1634 daAuts
     D:1: 1576 daAuts
     D:6: 1390 daAuts
     D:4: 1288 daAuts
     D:3: 939 daAuts
     D:2: 619 daAuts
     D:8: 573 daAuts
